AoeStats
← wilsoncheng18

Black Forest

503201304Analyzed
2v2 RM · 3mo ago on Aug 30, 2026· 27m 53s· 4 players
Game mode
Random Map
Map size
Medium (4 player)
Population
200
Speed
Normal
Resources
Standard
Victory
Conquest
Starting age
Dark Age
Ending age
Imperial Age
RankedLock teamsTeams togetherTeam positionsShared explorationLock speedFull tech treeHidden civsTurbo modeCheats
Victory
Defeat
🇨🇦 Persians · Canada
917
+16
🇪🇸 Spanish · Spain
911
+16
vs
🇳🇱 Portuguese · Netherlands
945
-17
🇳🇱 Chinese · Netherlands
870
-14
rovaal5
0:38 Loom
12:43 Feudal Age
17:17 Castle Age
15:37 Stone Mining
15:51 Gold Mining
16:20 Fletching
19:41 Double-Bit Axe
wilsoncheng18
13:24 Feudal Age
18:17 Castle Age
17:24 Double-Bit Axe
23:18 Horse Collar
24:40 Padded Archer Armor
24:31 Fletching
27:19 Kamandaran
Mortingen Şıtrayze
1:07 Loom
15:06 Feudal Age
15:41 Double-Bit Axe
22:52 Castle Age
20:45 Horse Collar
Balboa
0:29 Loom
13:10 Feudal Age
14:44 Wheelbarrow
14:12 Double-Bit Axe
23:24 Castle Age
22:51 Gold Mining
22:53 Stone Mining
22:57 Fletching
23:10 Padded Archer Armor
24:37 Hand Cart
25:00 Bow Saw
24:33 Horse Collar
28:19 Heavy Plow
Connection lost

Rejoining the realm…

Still unreachable

The connection could not be restored.

Session expired

The server has moved on; the page needs a fresh start.